 Dungeon Crawl Stone Soup version 0.19.4 (webtiles) character file.

21 Mefis the Magician (level 2, 0/15 HPs)
             Began as a Deep Elf Wizard on Feb 1, 2017.
             Slain by an adder (5 damage)
             ... on level 1 of the Dungeon.
             The game lasted 00:01:16 (829 turns).

Mefis the Magician (Deep Elf Wizard)                 Turns: 829, Time: 00:01:17

Health: 0/15       AC:  2    Str:  4    XL:     2   Next: 62%
Magic:  0/10       EV: 13    Int: 22    God:
Gold:   87         SH:  0    Dex: 13    Spells: 4 memorised, 4 levels left

rFire  . . .     SeeInvis .     l - +0 dagger
rCold  . . .     Gourm    .     a - +0 robe
rNeg   . . .     Faith    .     (no shield)
rPois  .         Spirit   .     b - +0 hat
rElec  .         Reflect  .     (no cloak)
rCorr  .         Harm     .     (no gloves)
MR     .....                    (no boots)
Stlth  ++........               (no amulet)
                                (no ring)
                                (no ring)

@: repel missiles
A: no striking features
a: no special abilities


You were on level 1 of the Dungeon.
You were not hungry.

You visited 1 branch of the dungeon, and saw 2 of its levels.

You collected 87 gold pieces.

Inventory:

Hand Weapons
 f - a +0 club
 j - a +0 hunting sling
 l - a +0 dagger (weapon)
Missiles
 g - 2 poisoned needles
Armour
 a - a +0 robe (worn)
 b - a +0 hat (worn)
Scrolls
 e - 2 scrolls of identify {unknown}
 n - a scroll of random uselessness {unknown}
Potions
 i - 2 potions of curing {unknown}
 k - a potion of heal wounds {unknown}
 m - a potion of mutation {unknown}
Books
 c - a book of Minor Magic

   Spells                             Type                      Level
   a - Magic Dart                     Conjuration                  1
   b - Blink                          Translocation                2
   c - Call Imp                       Summoning                    2
   d - Repel Missiles                 Charms/Air                   2
   e - Slow                           Hexes                        2
   f - Conjure Flame                  Conjuration/Fire             3
   g - Mephitic Cloud                 Conjuration/Poison/Air       3
Comestibles
 d - a bread ration
 h - 2 meat rations


   Skills:
 + Level 2.7 Dodging
 + Level 2.7 Stealth
 * Level 5.0 Spellcasting
 + Level 1.5 Conjurations
 - Level 1.1 Summonings
 - Level 1.1 Translocations
 + Level 0.0 Air Magic


You had 4 spell levels left.
You knew the following spells:

 Your Spells              Type           Power        Failure   Level  Hunger
a - Magic Dart            Conj           ##..         8%          1    None
b - Call Imp              Summ           ##......     12%         2    None
c - Blink                 Tloc           N/A          12%         2    None
d - Repel Missiles        Chrm/Air       #.....       17%         2    None


Dungeon Overview and Level Annotations

Branches:
Dungeon (2/15)

Altars:


Message History

You kill the hobgoblin!
The adder bites you. The adder closely misses you.
There is a stone staircase leading up here.
The adder barely misses you.
You climb upwards.
There is a stone staircase leading down here.
Casting: Magic Dart
Confirm with . or Enter, or press ? or * to list all spells.
You blink.
Casting: Blink
Confirm with . or Enter, or press ? or * to list all spells.
A beastly little devil appears in a puff of flame.
The adder closely misses you.
Casting: Call Imp
Confirm with . or Enter, or press ? or * to list all spells.
A shadowy apparition takes form in the air.
The adder bites you.
You swap places.
The adder bites you.
You die...

#..###...# ##..##.###........#
##..#...## ##....###........#
###......# ##..............#
####...#.# #.#####........#
..#..#.#.## #.# ##.###....#
#...##.#..# #.####.##.###..#
#..###.##.#### ###>#....#♣.≈P#..#
#..###.......# #5S...##.'.<≈P#..#
#...####.###.###@#.######♣.≈P####
#.#.## #..##...5...# ###.###
..#..# ##.##......######.###
.###.# #.###.....#......#.# .#
#.# #..##.....#...####.## .# #.#
##..#.....#...####..#####
.###.######.......#...##.........
..##.....###..###.(...##.........
#.).####.####.# ##....##.........


You could see an adder, a friendly crimson imp and a friendly shadow imp.

Vanquished Creatures
  A dart slug (D:1)
  A giant cockroach (D:2)
  A goblin (D:1)
  6 hobgoblins
  3 bats (D:1)
  A frilled lizard (D:1)
  2 kobolds (D:1)
  2 rats (D:1)
17 creatures vanquished.

Notes
Turn   | Place    | Note
-------+----------+-------------------------------------------
     0 | D:1      | Mefis the Deep Elf Wizard began the quest for the Orb.
     0 | D:1      | Reached XP level 1. HP: 10/10 MP: 7/7
   247 | D:1      | Reached XP level 2. HP: 15/15 MP: 4/9
   251 | D:1      | Learned a level 2 spell: Call Imp
   254 | D:1      | Learned a level 2 spell: Blink
   257 | D:1      | Learned a level 2 spell: Repel Missiles
   597 | D:1      | Reached skill level 5 in Spellcasting
   829 | D:1      | Slain by an adder

Skill      XL: |  1  2 |
---------------+-------+-----
Spellcasting   | 5 |  5.0
Dodging        | |  2.7
Stealth        | |  2.7
Conjurations   | |  1.5
Summonings     | |  1.1
Translocations | |  1.1

Action                   || total
-------------------------++-------
Melee: Unarmed           ||     6
       Dagger            ||     1
 Cast: Magic Dart        ||    43
       Call Imp          ||     2
       Blink             ||     1
       Repel Missiles    ||     1
Armor: Robe              ||     1
Dodge: Dodged            ||    14
